 Dungeon Crawl Stone Soup version 0.20-a0-876-g2c7b0bf (webtiles) character file.

862 4thArraOfDagon the Shooter (level 7, 7/53 HPs)
             Began as a Demigod Wanderer on Mar 15, 2017.
             Quit the game on level 7 of the Dungeon.
             The game lasted 00:08:58 (1730 turns).

4thArraOfDagon the Shooter (Demigod Wanderer)       Turns: 1730, Time: 00:08:59

Health: 7/53       AC: 14    Str: 19      XL:     7   Next: 43%
Magic:  14/14      EV:  5    Int: 15 (16) God:
Gold:   17         SH:  0    Dex: 14 (15) Spells: 6/6 levels left

rFire    . . .     SeeInvis .   d - +3 trident (venom)
rCold    . . .     Gourm    .   q - +0 plate armour
rNeg     . . .     Faith    .   (no shield)
rPois    +         Spirit   .   (no helmet)
rElec    .         Reflect  .   (no cloak)
rCorr    .         Harm     .   (no gloves)
MR       .....     Clarity  +   j - +0 pair of boots
Stlth    ..........             o - amulet of rage
Regen    0.2/turn               (no ring)
MPRegen  0.2/turn               (no ring)

@: very slightly contaminated
A: hooves 1, clarity, deterioration 1, high mp 1, poison resistance, shaggy fur
1
a: Evoke Berserk Rage


You were on level 7 of the Dungeon.
You were not hungry.

You visited 1 branch of the dungeon, and saw 8 of its levels.

You collected 211 gold pieces.
You spent 194 gold pieces at shops.

Inventory:

Hand Weapons
 a - a +2 shortbow
 d - a +3 trident of venom (weapon)
 e - a +0 spear
Missiles
 b - 16 arrows
Armour
 c - a +0 ring mail
 j - a +0 pair of boots (worn)
 q - a +0 plate armour (worn)
Jewellery
 o - an amulet of rage (around neck)
Scrolls
 h - a scroll of fear
 k - a scroll of random uselessness
Potions
 p - a potion of curing {unknown}
Books
 t - a book of Battle

   Spells                             Type                      Level
   a - Infusion                       Charms                       1
   b - Shroud of Golubria             Charms/Translocation         2
   c - Song of Slaying                Charms                       2
   d - Spectral Weapon                Hexes/Charms                 3
   e - Regeneration                   Charms/Necromancy            3
Comestibles
 f - 2 bread rations
 g - 2 chunks of flesh


   Skills:
 - Level 1.7 Fighting
 - Level 6.0 Bows
 - Level 4.5 Armour
   Level 1.0 Shields
 + Level 5.2 Evocations


You had 6 spell levels left.
You didn't know any spells.

Dungeon Overview and Level Annotations

Branches:
Dungeon (8/15)
 Temple: D:4-7         Lair: D:8-11

Shops:
D:7 (

Annotations:
D:7 PeterMcNeter's ghost, novice DsFi
D:8 Erica


Innate Abilities, Weirdness & Mutations

You have an increased reservoir of magic. (+10% MP)
You have large cloven feet.
You possess an exceptional clarity of mind.
Your body sometimes deteriorates upon taking damage.
Your system is resistant to poisons. (rPois)
You are covered in fur. (AC +1)


Message History

PeterMcNeter's ghost turns its malevolent gaze towards you.
Unknown command.
Unknown command.
Unknown command.
The bullfrog zombie hits you but does no damage.
Unknown command.
You feel sick.
Unknown command.
The iguana bites you.
* * * LOW HITPOINT WARNING * * *
Unknown command.
Unknown command.
The orc wizard shouts!
The bullfrog zombie hits you.
* * * LOW HITPOINT WARNING * * *
Unknown command.
You feel sick.
You are no longer poisoned.
Unknown command.
Are you sure you want to abandon this character and quit the game? (Confirm with "yes".)

***#.#######y# *,,,,,,,,,*
,,,*,* #y# *,,,,,,,,,*
**,,.#######.###...,,,,,,*
,,,,................,,,,,*
***,########.##..(..,,,,,*
***,,,,* #...,....,,,,,*
,,,,,*,* #...#*###******
****,,,****#.#o.###
**,,,.#*..##.@.##
**,*.##.#####Z.# *,#.o..#
##l### *,.#..#### #...#
*#...(...####...#
##....##..W......#
###...$.##......####
###...##......a...#
....####.###......#


You could see an iguana, an orc wizard and a bullfrog zombie.

Vanquished Creatures
  A sky beast (D:7)
  2 ogres (D:4)
  2 bullfrogs
  A killer bee (D:7)
  2 howler monkeys (D:8)
  A centaur zombie (D:6)
  5 hounds
  A bullfrog zombie (D:6)
  2 bullfrog skeletons
  An iguana (D:4)
  2 adders
  A howler monkey skeleton (D:4)
  A shadow imp (D:7)
  An ooze (D:2)
  3 worms (D:3)
  A leopard gecko (D:3)
  2 orcs
  A giant cockroach (D:4)
  A goblin (D:3)
  3 hobgoblins
  2 kobolds (D:8)
  2 quokkas
  2 bats (D:3)
  A jackal zombie (D:5)
  A leopard gecko zombie (D:7)
  A quokka skeleton (D:4)
43 creatures vanquished.

Notes
Turn   | Place    | Note
-------+----------+-------------------------------------------
     0 | D:1      | 4thArraOfDagon the Demigod Wanderer began the quest for the Orb.
     0 | D:1      | 4thArraOfDagon set off with: a +2 shortbow, 22 arrows, a +0 ring mail, a scroll of teleportation, a bread ration
     0 | D:1      | Reached XP level 1. HP: 17/17 MP: 3/3
    67 | D:2      | Reached skill level 2 in Bows
    67 | D:2      | Reached XP level 2. HP: 24/24 MP: 5/5
   298 | D:3      | Reached XP level 3. HP: 17/29 MP: 6/6
   389 | D:3      | Reached skill level 3 in Bows
   506 | D:3      | You fall through a shaft!
   613 | D:4      | Reached skill level 4 in Bows
   613 | D:4      | Reached XP level 4. HP: 10/36 MP: 7/7
   657 | D:4      | Noticed an ogre
   672 | D:4      | Killed an ogre
   672 | D:4      | Reached XP level 5. HP: 19/41 MP: 8/8
   698 | D:5      | Entered Level 5 of the Dungeon
   698 | D:5      | Noticed an ice beast
   704 | D:4      | Reached skill level 5 in Bows
   733 | D:4      | Noticed an ogre
   737 | D:4      | Killed an ogre
   810 | D:4      | Reached XP level 6. HP: 36/48 MP: 9/9
   813 | D:4      | Found a hide-covered altar of Uskayaw.
   987 | D:6      | Reached skill level 6 in Bows
  1328 | D:7      | Reached XP level 7. HP: 50/53 MP: 12/12
  1332 | D:7      | Gained mutation: You are partially covered in large bone plates. (SH +4) [mutagenic meat]
  1333 | D:7      | Gained mutation: You possess an exceptional clarity of mind. [mutagenic meat]
  1334 | D:7      | Lost mutation: You possess an exceptional clarity of mind. [mutagenic meat]
  1336 | D:7      | Gained mutation: You have large cloven feet. [mutagenic meat]
  1612 | D:8      | Noticed Erica
  1633 | D:8      | Lost mutation: You are partially covered in large bone plates. (SH +4) [potion of mutation]
  1633 | D:8      | Gained mutation: You are frail. (-10% HP) [potion of mutation]
  1633 | D:8      | Gained mutation: You possess an exceptional clarity of mind. [potion of mutation]
  1633 | D:8      | Gained mutation: Your body sometimes deteriorates upon taking damage. [potion of mutation]
  1633 | D:8      | Gained mutation: You have hoof-like feet. [potion of mutation]
  1634 | D:8      | Lost mutation: You are frail. (-10% HP) [potion of mutation]
  1634 | D:8      | Lost mutation: You have hoof-like feet. [potion of mutation]
  1634 | D:8      | Gained mutation: You are covered in fur. (AC +1) [potion of mutation]
  1634 | D:8      | Gained mutation: Your system is resistant to poisons. (rPois) [potion of mutation]
  1663 | D:7      | Found Niothraso's Weapon Emporium.
  1669 | D:7      | Bought a +2 trident of venom for 194 gold pieces
  1686 | D:7      | Reached skill level 5 in Evocations
  1721 | D:7      | Noticed PeterMcNeter's ghost (novice DsFi)
  1730 | D:7      | Quit the game

Vault maps used:
D:1:      dpeg_arrival_another_circle, serial_corexii_hall,
          corexii_hall_statues_x, corexii_hall_statues_s,
          corexii_hall_statues_u, corexii_hall_statues_t,
          evilmike_ruin_ashenzari
D:2:      grunt_decor_arrowhead
D:4:      nicolae_overflow_crystal_walls, lemuel_doored_altar
D:5:      kennysheep_mini, minmay_temple_entry_glassed_door, first_bread
D:6:      makhleb_altar_promises_db
D:7:      serial_shops, shop
D:8:      nicolae_dithmenos_shadow_blocks, uniq_psyche, uniq_pikel, uniq_erica

Skill      XL: |  1  2  3  4  5  6  7 |
---------------+----------------------+-----
Bows           | 2 4 5 6 |  6.0
Evocations     | 3 5 |  5.2
Fighting       | |  1.7
Armour         | |  4.5
Shields        | |  1.0

Action                   |  1- 3 |  4- 6 |  7- 9 || total
-------------------------+-------+-------+-------++-------
Melee: Spear             |       |    14 |     6 ||    20
       Trident           |       |       |    13 ||    13
 Fire: Shortbow          |    62 |    96 |    29 ||   187
 Abil: Evoke Berserk Rag |       |     1 |       ||     1
  Use: Scroll            |     4 |     2 |     7 ||    13
       Potion            |       |       |     3 ||     3
  Eat: Chunk             |       |     1 |     6 ||     7
       Fruit             |       |       |     2 ||     2
       Royal jelly       |       |       |     1 ||     1
Armor: Ring mail         |     4 |     8 |       ||    12
       Plate armour      |       |    34 |    65 ||    99
Dodge: Dodged            |    13 |    24 |    20 ||    57
Block: Other             |       |       |     7 ||     7
